 Dungeon Sprint DCSS version 0.21-a0-278-ga722497 (webtiles) character file.

2375 potatolord6000 the Cleaver (level 9, -3/90 HPs)
             Began as a Hill Orc Fighter on Sept 22, 2017.
             Was the Champion of Beogh.
             Killed from afar by an efreet (20 damage)
             ... with a fireball
             ... in the Dungeon (Sprint VII: "The Pits").
             The game lasted 00:05:52 (899 turns).

potatolord6000 the Cleaver (Hill Orc Fighter)        Turns: 899, Time: 00:05:52

Health: -3/90      AC: 18    Str: 25    XL:     9   Next: 45%
Magic:  17/17      EV:  9    Int:  8    God:    Beogh [******]
Gold:   0          SH: 12    Dex: 10    Spells: 8/8 levels left

rFire    . . .     SeeInvis .   u - +1 broad axe (freeze)
rCold    . . .     Gourm    .   c - +0 shield
rNeg     . . .     Faith    .   d - +2 plate armour
rPois    .         Spirit   .   t - +0 helmet
rElec    .         Reflect  .   (no cloak)
rCorr    .         Harm     .   (no gloves)
MR       .....     NoTele   +   (no boots)
Stlth    ..........             (no amulet)
HPRegen  0.25/turn              b - +3 ring of evasion
MPRegen  0.15/turn              g - +3 ring of strength

@: hasted, very quick
A: walk on water
a: Smiting, Recall Orcish Followers, Give Item to Named Follower, Resurrection,
Renounce Religion


You were in the Dungeon.
You worshipped Beogh.
Beogh was exalted by your worship.
You were not hungry.

You visited 1 branch

Inventory:

Hand Weapons
 u - a +1 broad axe of freezing (weapon)
Armour
 c - a +0 shield (worn)
 d - a +2 plate armour (worn)
 t - a +0 helmet (worn)
Jewellery
 b - a +3 ring of evasion (left hand)
 g - a +3 ring of strength (right hand)
Scrolls
 k - a scroll of blinking
 m - 3 scrolls of remove curse
 n - 5 scrolls of amnesia
 o - a scroll of summoning
Potions
 e - 6 potions of curing
 h - a potion of agility
 i - 4 potions of magic
 j - 3 potions of berserk rage
 l - a potion of invisibility
 r - 4 potions of heal wounds
Comestibles
 f - 8 bread rations
 p - 40 fruits
 q - 7 meat rations


   Skills:
 + Level 11.9 Fighting
 + Level 12.4 Axes
 + Level 11.0 Armour
 + Level 10.9 Shields
 + Level 11.6 Invocations


You had 8 spell levels left.
You didn't know any spells.

Dungeon Overview and Level Annotations

Branches:
Dungeon (1/1)

Altars:
Ashenzari
Cheibriados
Dithmenos
Elyvilon
Fedhas
Gozag
Hepliaklqana
Kikubaaqudgha
Makhleb
Nemelex Xobeh
Okawaru
Qazlal
Ru
Sif Muna
Trog
Uskayaw
Vehumet
Wu Jian
Xom
Yredelemnul
Zin
The Shining One
Beogh
Jiyva
Lugonu


Message History

You feel a bit more experienced. The fireball engulfs you!
* * * LOW HITPOINT WARNING * * *
The fireball engulfs the efreet.
The efreet completely resists.
The fireball engulfs the jackal.
The jackal dies!
The fireball engulfs the centaur.
The centaur unwields an uncursed shortbow.
The centaur barely misses you. You block the efreet's attack.
You see here an arrow.
Unknown command.
Your shield and plate armour prevent you from hitting the efreet.
You slash the centaur! You freeze the centaur.
You kill the centaur!
Beogh accepts your kill.
Unknown command.
You slice the efreet!! You freeze the efreet!
The efreet is almost dead.
The efreet gestures at you.
The fireball explodes!
The fireball engulfs you!
You die...

#####'#####''######
##.......##''#
##.......##..#
##.......##..# +#
##...<...##).# #.##
##.......##..# #...##
##.......##.)####.....#
##.......##...##.†....#
###########...('@R....+
###########...##†)....#
....#..[[##..####.....#
....#...[##..# #...##
..).'..))##..# #.##
....#!.))##..# +#
....#!.))##..#
##############


You could see an efreet.

Vanquished Creatures
  Sonja (D)
  2 rime drakes (D)
  An efreet (D)
  A redback (D)
  A warg (D)
  A soldier ant (D)
  Edmund (D)
  A necrophage (D)
  A centaur (D)
  A big kobold (D)
  A gnoll sergeant (D)
  A scorpion (D)
  An orc priest (D)
  A gnoll shaman (D)
  An orc wizard (D)
  A worker ant (D)
  2 gnolls (D)
  An ooze (D)
  An adder zombie (D)
  An orc (D)
  2 ball pythons (D)
  16 jackals (D)
  A quokka (D)
  A bat (D)
42 creatures vanquished.

Vanquished Creatures (collateral kills)
  3 jackals (D)
3 creatures vanquished.

Vanquished Creatures (others)
  An unseen horror (D)
  An orc wizard (D)
  A jackal (D)
  A frilled lizard (D)
4 creatures vanquished.

Grand Total: 49 creatures vanquished

Notes
Turn   | Place    | Note
-------+----------+-------------------------------------------
     0 | D        | potatolord6000 the Hill Orc Fighter began the quest for the Orb.
     0 | D        | Reached XP level 1. HP: 19/19 MP: 1/1
    11 | D        | Noticed a worker ant
    26 | D        | Killed a worker ant
    26 | D        | Reached skill level 5 in Fighting
    26 | D        | Reached skill level 4 in Axes
    26 | D        | Reached XP level 2. HP: 24/29 MP: 2/2
    54 | D        | Found a bloodstained altar of Trog.
    54 | D        | Found a deep blue altar of Sif Muna.
    54 | D        | Found a viscous altar of Jiyva.
    54 | D        | Found a hazy altar of Hepliaklqana.
    54 | D        | Found an opulent altar of Gozag.
    55 | D        | Found a glowing golden altar of the Shining One.
    55 | D        | Found a glowing silver altar of Zin.
    55 | D        | Found a basalt altar of Yredelemnul.
    55 | D        | Found a shimmering altar of Xom.
    55 | D        | Found an ornate altar of the Wu Jian Council.
    55 | D        | Found a sacrificial altar of Ru.
    55 | D        | Found a stormy altar of Qazlal.
    55 | D        | Found an iron altar of Okawaru.
    55 | D        | Found a sparkling altar of Nemelex Xobeh.
    55 | D        | Found a burning altar of Makhleb.
    55 | D        | Found a blossoming altar of Fedhas.
    55 | D        | Found a white marble altar of Elyvilon.
    55 | D        | Found a shadowy altar of Dithmenos.
    55 | D        | Found a snail-covered altar of Cheibriados.
    57 | D        | Found a radiant altar of Vehumet.
    57 | D        | Found a corrupted altar of Lugonu.
    57 | D        | Found a roughly hewn altar of Beogh.
    59 | D        | Found an ancient bone altar of Kikubaaqudgha.
    59 | D        | Found a hide-covered altar of Uskayaw.
    59 | D        | Found a shattered altar of Ashenzari.
    67 | D        | Became a worshipper of Beogh the Brigand
    86 | D        | Reached XP level 3. HP: 36/36 MP: 3/3
    89 | D        | Reached * piety under Beogh
    93 | D        | Reached skill level 1 in Invocations
   108 | D        | Reached ** piety under Beogh
   121 | D        | Reached *** piety under Beogh
   166 | D        | Noticed Edmund
   171 | D        | Reached skill level 5 in Armour
   175 | D        | Killed Edmund
   175 | D        | Reached **** piety under Beogh
   175 | D        | Reached skill level 6 in Axes
   175 | D        | Reached XP level 4. HP: 40/45 MP: 3/7
   175 | D        | Reached XP level 5. HP: 45/51 MP: 3/8
   241 | D        | Noticed a warg
   244 | D        | Reached ***** piety under Beogh
   250 | D        | Noticed a necrophage
   266 | D        | Killed a warg
   266 | D        | Reached skill level 8 in Axes
   266 | D        | Reached XP level 6. HP: 57/61 MP: 8/10
   281 | D        | Killed a necrophage
   332 | D        | Reached ****** piety under Beogh
   332 | D        | Reached skill level 9 in Axes
   332 | D        | Reached XP level 7. HP: 69/69 MP: 12/12
   335 | D        | Noticed a redback
   356 | D        | Killed a redback
   396 | D        | Reached skill level 10 in Axes
   439 | D        | Noticed an efreet
   439 | D        | Noticed a rime drake
   442 | D        | Killed a rime drake
   442 | D        | Reached skill level 10 in Fighting
   442 | D        | Reached XP level 8. HP: 57/79 MP: 13/15
   445 | D        | HP: 2/79 [efreet/bolt of fire (26)]
   463 | D        | HP: 2/79 [efreet/bolt of fire (24)]
   467 | D        | Killed an efreet
   467 | D        | Reached skill level 11 in Axes
   467 | D        | Reached skill level 10 in Invocations
   739 | D        | Noticed Sonja
   740 | D        | Killed Sonja
   740 | D        | Reached skill level 10 in Armour
   740 | D        | Reached skill level 10 in Shields
   740 | D        | Reached XP level 9. HP: 89/89 MP: 12/17
   741 | D        | Noticed a rime drake
   752 | D        | Killed a rime drake
   752 | D        | Reached skill level 12 in Axes
   888 | D        | Noticed an efreet
   896 | D        | Killed an unseen horror
   899 | D        | Killed from afar by an efreet

Vault maps used:
D:        pitsprint

Skill      XL: |  1  2  3  4  5  6  7  8  9 |
---------------+----------------------------+-----
Fighting       | 5 6 7 8 10 11 | 11.9
Axes           | 4 6 8 9 10 11 12 | 12.4
Armour         | 4 6 7 8 9 10 11 | 11.0
Shields        | 4 6 7 9 10 | 10.9
Invocations    | 4 6 7 9 10 11 | 11.6

Action                   |  1- 3 |  4- 6 |  7- 9 || total
-------------------------+-------+-------+-------++-------
Melee: War axe           |    39 |    62 |    80 ||   181
       Broad axe         |       |       |    17 ||    17
Invok: Smiting           |       |       |     3 ||     3
  Use: Potion            |     2 |     2 |    10 ||    14
 Stab: Invisible         |       |       |     4 ||     4
Armor: Scale mail        |    28 |       |       ||    28
       Plate armour      |       |    20 |    47 ||    67
Dodge: Dodged            |    16 |     6 |    20 ||    42
Block: Shield            |    37 |    29 |    38 ||   104

Table legend:
 A = Spawn XP
 B = Non-spawn XP
 C = Spawn XP percentage of total XP
 D = Spawn monster count
 E = Non-spawn monster count
 F = Spawn count percentage of total count
 G = Total turns spent on level
                    A         B        C        D         E        F      G
               +---------+---------+-------+---------+---------+-------+---------
         Total |       0 |    3393 |   0.0 |       0 |      46 |   0.0 |   899
               +---------+---------+-------+---------+---------+-------+---------
             D |       0 |    3393 |   0.0 |       0 |      46 |   0.0 |   899
               +---------+---------+-------+---------+---------+-------+---------
